[Event "Czech Youth Championship Open 2023"]
[Site "Teplice"]
[Date "2023.03.16"]
[Round "7.4"]
[White "Pavlis, Matej"]
[Black "Pressler, Tobias"]
[Result "0-1"]
[ECO "A06"]
[WhiteElo "1868"]
[BlackElo "2096"]
[Annotator "TA"]
[PlyCount "86"]
[EventDate "2023.03.09"]
[EventType "swiss"]
[EventCountry "CZE"]
[SourceTitle "playchess.com"]
[Source "ChessBase"]
[SourceQuality "1"]
[TimeControl "5400+30"]

1. Nf3 d5 2. b3 Nf6 3. Bb2 c5 4. g3 Nc6 5. Bg2 g6 6. O-O Bg7 7. c4 O-O 8. d3 d4 9. Nbd2 Bf5 {[%emt 0:02:52] A05: Réti Opening: 1 Nf3 Nf6.} 10. Ng5 Qd7 11. Nge4 b6 {[%emt 0:00:14] Black is better.} 12. Re1 {[%emt 0:01:35] [#]} Rae8 $146 ({Predecessor:} 12... Rac8 13. a3 h6 14. Nxf6+ Bxf6 15. Nf3 Bh3 16. Bh1 Bg7 17. Qd2 a5 18. e4 Bg4 {0-1 Toderita,D (1700)-Rendi,E (2129) ROM-ch sf U18 Girls 2002}) 13. Nxf6+ exf6 14. Nf3 Ne5 ({Black should try} 14... a5 $15) 15. b4 $11 Bh3 (15... cxb4 16. Nxd4 Bh3 17. Bd5 $14) 16. Nxe5 Rxe5 17. Bf3 Rfe8 (17... cxb4 {looks sharper.} 18. a3 b3 19. a4 Rfe8) 18. bxc5 bxc5 19. Rb1 Bh6 20. Bc1 Bxc1 21. Qxc1 Kg7 22. Qa3 h5 23. Qa6 (23. Be4 $11) 23... Qf5 $17 24. Be4 Rxe4 25. dxe4 Rxe4 26. Qb7 (26. Qxa7 Rxe2) 26... h4 (26... Re5 $1 $17 27. Rb2 (27. Qxa7 Rxe2) 27... Qe6) 27. Rb3 $1 $15 (27. Qxa7 Rxe2) 27... g5 {[%emt 0:03:55][%mdl 1024] Black has compensation.} (27... Qe6 $5 28. Rb2 d3 $15) 28. Qd5 (28. Qxa7 Qe6 29. Qb6 (29. Qxc5 Rxe2) 29... Qxc4 $17) 28... Re5 29. Qf3 (29. Qd8 $1 $11 {remains equal.}) 29... Qe6 $40 {[%emt 0:00:43][%mdl 128] Black mounts an attack. Black is more active.} (29... Qxf3 $17 30. Rxf3 Bg4) 30. Rb2 $2 (30. Rb8 $11 Bf5 31. Qa8 (31. Qh5 $2 Bh7 $19)) 30... Bg4 $2 ({Black should play} 30... Bf5 $19 {...Be4 is the strong threat.} 31. Rf1 Be4) 31. Qd3 (31. Qa8 $1 $11 {and White has nothing to worry.}) 31... Bf5 $19 32. Qb3 {[%emt 0:00:13] [#]} d3 $1 33. e3 $2 (33. Qd1) (33. Qc3 dxe2) 33... h3 $2 (33... hxg3 34. a4 (34. hxg3 $2 {loses.} Be4 $19) 34... gxh2+ 35. Kxh2 Re4) 34. Rd2 $2 (34. a3) 34... Qc6 {[%emt 0:00:09][%csl Gh3][%cal Rc6g2] White is weak on the light squares} 35. f4 {[%emt 0:02:01] [#]} gxf4 36. gxf4 Re6 37. Qd1 Kh6 {[%emt 0:01:21] Inhibits Qh5+.} 38. Rf2 Re8 39. Qf3 Rg8+ 40. Kf1 Qxf3 {[%emt 0:00:11][%mdl 64] Deflection} 41. Rxf3 d2 42. Ke2 Rg2+ 43. Kd1 Bc2+ {[%emt 0:00:05][%mdl 64] Promotion.   Weighted Error Value: White=1.10/Black=0.40} 0-1

[Event "Czech Youth Championship Open 2023"]
[Site "Teplice"]
[Date "2023.03.16"]
[Round "7.5"]
[White "Hlavac, Rudolf"]
[Black "Juracak, David"]
[Result "0-1"]
[ECO "C42"]
[WhiteElo "1985"]
[BlackElo "1820"]
[Annotator "TA"]
[PlyCount "62"]
[EventDate "2023.03.09"]
[EventType "swiss"]
[EventCountry "CZE"]
[SourceTitle "playchess.com"]
[Source "ChessBase"]
[SourceQuality "1"]
[TimeControl "5400+30"]

1. e4 e5 2. Nf3 Nf6 3. Nxe5 d6 4. Nf3 Nxe4 5. d4 d5 6. Bd3 Nc6 7. O-O Be7 8. Re1 Nf6 9. h3 {[%emt 0:01:53] C42: Petroff Defence: 3 Nxe5 and unusual White 3rd moves.} O-O 10. Bf4 Nb4 11. Bf1 {[%emt 0:00:41] The position is equal.} Bf5 12. Na3 c5 {[%emt 0:07:27] [#]} 13. dxc5 $146 ({Predecessor:} 13. c3 Nc6 14. Qb3 Na5 15. Qa4 Ne4 16. Nb5 Nc6 17. dxc5 Bxc5 18. Be3 Qf6 19. Nbd4 {½-½ Ricardi,P (2545)-Sulypa,O (2415) Ubeda op 4th 1999 (5)}) 13... Bxc5 14. c3 Nc6 15. Nb5 $36 {[%emt 0:04:32][%mdl 2048] White is more active.} Qb6 $2 {[%emt 0:01:40][%mdl 8192] [#]} (15... Rc8 $11) 16. Bc7 $1 $18 Bxf2+ 17. Kh1 Qc5 18. Bd6 Qb6 19. Bc7 $1 Qc5 20. b4 Nxb4 21. cxb4 (21. Bd6 $6 Qb6 $16) 21... Qxb4 (21... Qc6 {was worth a try.} 22. Rc1 Qd7) 22. Re5 $2 {[%emt 0:01:35] [#]} (22. a3 $18 Qb2 23. Be5) 22... Bd7 $2 (22... Be4 $16) 23. a3 ({Not} 23. Bd6 Qa5 $18) 23... Qf4 24. Re2 Qh6 25. Rxf2 Ne4 26. Rb2 Rac8 27. Bh2 Bxb5 28. Bxb5 Rc5 29. Bd3 Rfc8 30. Bf1 (30. Rxb7 $2 {loses.} Nf2+ 31. Kg1 Nxd1 32. Rxd1 Rc1 33. Rxc1 Qxc1+ 34. Bf1 Qxa3 $19) 30... b6 31. Rbb1 $4 (31. Ba6 $18 {avoids the disaster.} Qc1 32. Re2 (32. Bxc8 Qxb2 33. Be5 Nf2+ 34. Kh2 Nxd1 $16) 32... Qxd1+ 33. Rxd1) 31... Nf2+ {Weighted Error Value: White=0.53/Black=0.58} 0-1